 Dungeon Crawl Stone Soup version 0.31.0-11-ge490571c62 (webtiles) character file.

Game seed: 11890386498468420155

153 mopl the Slasher (level 5, 0/42 HPs)
             Began as a Merfolk Fighter on Jan 31, 2024.
             Slain by diceflayer's ghost (5 damage)
             ... on level 3 of the Dungeon.
             The game lasted 00:02:02 (2126 turns).

mopl the Slasher (Merfolk Fighter)                  Turns: 2126, Time: 00:02:02

Health: 0/42       AC:  6    Str: 18    XL:     5   Next: 35%
Magic:  0/5        EV: 10    Int:  8    God:
Gold:   175        SH:  5    Dex: 15    Spells: 4/4 levels left

rFire   . . .        a - +1 falchion (heavy)
rCold   . . .        c - +0 buckler
rNeg    . . .        b - +0 scale mail
rPois   .            (no helmet)
rElec   +            (no cloak)
rCorr   .            (no gloves)
SInv    .            (no boots)
Will    +....        n - amulet of Valenov {Spirit Rampage rElec Will+ Dex-4} Stlth
                     j - +6 ring of dexterity
HPRegen 0.27/turn    (no ring)
MPRegen 0.09/turn

%: guardian spirit, rampage
@: no status effects
A: (nimble swimmer 2), mertail
a: no special abilities


You were on level 3 of the Dungeon.
You visited 1 branch of the dungeon, and saw 3 of its levels.

You collected 175 gold pieces.

Inventory:

Hand Weapons
 a - a +1 heavy falchion (weapon)
Missiles
 m - 4 poisoned darts (quivered)
Armour
 b - a +0 scale mail (worn)
 c - a +0 buckler (worn)
Jewellery
 j - a +6 ring of dexterity (left hand)
 k - a ring of flight
 n - the amulet of Valenov (around neck) {Spirit Rampage rElec Will+ Dex-4}
   (You found it on level 3 of the Dungeon)

   [amulet of guardian spirit]

   Spirit:    It causes incoming damage to be divided between your reserves of
   health and magic.
   Dex-4:     It affects your dexterity (-4).
   rElec:     It insulates you from electricity.
   Will+:     It increases your willpower.
   Rampage:   It bestows one free step when moving towards enemies.
Scrolls
 e - a scroll of identify {unknown}
 h - a scroll of enchant armour {unknown}
 l - a scroll of teleportation {unknown}
 p - a scroll of immolation {unknown}
Potions
 d - 2 potions of might
 f - a potion of berserk rage {unknown}
 g - 2 potions of curing {unknown}
 i - a potion of heal wounds
 o - a potion of mutation {unknown}


   Skills:
 + Level 4.1 Fighting
 * Level 4.5 Long Blades
 + Level 2.7 Armour
 + Level 2.5 Dodging
 - Level 3.0 Shields


You had 4 spell levels left.
You didn't know any spells.
Your spell library contained the following spells:

 Spells                   Type           Power      Damage    Failure   Level
 Sandblast                Erth           0%         2d4       87%         1
 Mercury Vapours          Alch/Air       0%         N/A       95%         2
 Mephitic Cloud           Conj/Alch/Air  0%         N/A       99%         3
 Passwall                 Erth           0%         N/A       99%         3
 Stone Arrow              Conj/Erth      0%         3d7       99%         3
 Brom's Barrelling Bould  Conj/Erth      0%         2d3       100%        4
 Summon Blazeheart Golem  Fire/Summ      0%         N/A       100%        4
 Freezing Cloud           Conj/Ice/Air   0%         6-21      100%        5
 Orb of Destruction       Conj           0%         9d5       100%        7
 Spellforged Servitor     Conj/Summ      0%         N/A       100%        7


Dungeon Overview and Level Annotations

Branches:
Dungeon (3/15)

Altars:
Sif Muna
Trog

Shops:
D:1 =

Annotations:
D:3 diceflayer's ghost, amateur DsSh


Innate Abilities, Weirdness & Mutations

((You are very nimble when in or above water. (Stealth+, EV+, Speed+++)))
Your lower body shifts to a powerful aquatic tail in water.


Message History

There is an open door here.
Found 7 stones.
Diceflayer's ghost turns its malevolent gaze towards you.
No target in view!
Items here: )) [[.
Things that are here:
a +0 club; a +0 chain mail You see here a +0 long sword.
You now have 175 gold pieces (gained 16).
You open the door.
There is an open door here.
You see here a +0 long sword.
Things that are here:
a +0 club; a +0 chain mail
Items here: )) [[.
There is an open door here.
There is an open door here.
There is an open door here.
There is a bloodstained altar of Trog here.
There is an open door here.
Done exploring.
You open the door. You slash diceflayer's ghost!
Diceflayer's ghost is moderately damaged.
Diceflayer's ghost hits you! Diceflayer's ghost hits you.
You hit diceflayer's ghost.
Diceflayer's ghost is moderately damaged.
Diceflayer's ghost barely misses you.
You hit diceflayer's ghost but do no damage.
Diceflayer's ghost is moderately damaged.
Diceflayer's ghost hits you!
* * * LOW HITPOINT WARNING * * *
Diceflayer's ghost hits you.
* * * LOW HITPOINT WARNING * * *
You slash diceflayer's ghost!
Diceflayer's ghost is heavily damaged.
Diceflayer's ghost hits you.
* * * LOW HITPOINT WARNING * * *
Diceflayer's ghost hits you.
You die...

#######...# #.#
#.....#...# #.#
#.###.#...####.#
#.###.#...##...#
..#...#...#..#####
..#...'.....###♣8♣#
.##...#....## #.(.#
...####....#####W##
##.#(...#.......@.#
...#.#............#
#....#..)........##
#.####.........###
#...<......)...#
#......##......#
.#.............#
....#.#....#########
....+.#.#..........####


You could see diceflayer's ghost.

Vanquished Creatures
  An orc priest (D:3)
  An orc wizard (D:3)
  4 adders
  3 dart slugs
  A ribbon worm (D:2)
  3 orcs (D:3)
  5 bats
  9 endoplasms
  A giant cockroach (D:2)
  3 goblins
  3 hobgoblins
  2 jackals (D:3)
  3 quokkas
  2 ball pythons (D:2)
  A frilled lizard (D:1)
  5 kobolds
  6 rats
53 creatures vanquished.

Notes
Turn   | Place    | Note
-------+----------+-------------------------------------------
     0 | D:1      | mopl the Merfolk Fighter began the quest for the Orb.
     0 | D:1      | Reached XP level 1. HP: 18/18 MP: 1/1
    73 | D:1      | Found Voycem's Jewellery Shop.
   137 | D:1      | Reached XP level 2. HP: 24/24 MP: 2/2
   253 | D:1      | Reached skill level 1 in Dodging
   542 | D:2      | Reached XP level 3. HP: 29/29 MP: 3/3
   943 | D:2      | Reached XP level 4. HP: 37/37 MP: 4/4
  1292 | D:3      | Reached XP level 5. HP: 21/42 MP: 5/5
  1435 | D:3      | Identified the amulet of Valenov {Spirit Rampage rElec
                  | Will+ Dex-4}
  1606 | D:3      | Found a bloodstained altar of Trog.
  1610 | D:3      | Found a shimmering blue altar of Sif Muna.
  1763 | D:3      | Found a runed translucent door.
  1847 | D:3      | Noticed diceflayer's ghost (amateur DsSh)
  2126 | D:3      | Slain by diceflayer's ghost

Illustrated notes

Levels and vault maps discovered:
D:1:      heliophobic_arrival_battle_scene, layout_basic, serial_shops,
          nicolae_square_shop, minmay_misc_feat_rows
D:2:      minmay_door_path, layout_rooms, minmay_heptomino_h4
D:3:      minmay_general_purpose_star, layout_basic,
          hellmonk_overflow_destroyed_library, gammafunk_ghost_grave

Skill      XL: |  1  2  3  4 |
---------------+-------------+-----
Long Blades    | 3 4 |  4.5
Dodging        | 1 2 |  2.5
Fighting       | 4 |  4.1
Armour         | |  2.7
Shields        | |  3.0

Action                     |  1- 3 |  4- 6 || total
---------------------------+-------+-------++-------
  Melee: Long sword        |    80 |    46 ||   126
         Falchion          |       |    24 ||    24
    Use: Potion            |     1 |       ||     1
 Armour: Scale mail        |    43 |    48 ||    91
  Dodge: Dodged            |    31 |    48 ||    79
  Block: Buckler           |    24 |    19 ||    43
